 Dungeon Crawl Stone Soup version 0.16.2-2-g470672f (webtiles) character file.

4015 dvd the Covert (level 10, -11/42 HPs)
             Began as a Felid Enchanter on Sept 2, 2015.
             Was an Elder of Dithmenos.
             Killed from afar by a deep troll earth mage (37 damage)
             ... with a blast of rock fragments
             ... on level 10 of the Dungeon on Sept 3, 2015.
             The game lasted 02:00:43 (16179 turns).

dvd the Covert (Felid Enchanter)                   Turns: 16179, Time: 02:00:44

Health: -11/42     AC:  4    Str:  4    XL:     10   Next: 3%
Magic:  28/28      EV: 21    Int: 20    God:    Dithmenos [****..]
Gold:   636        SH:  0    Dex: 17    Spells: 6 memorised, 2 levels left
                                        Lives:  0   Deaths: 3

rFire  . . .     SeeInvis +       - Unarmed
rCold  . . .     Clarity  .     (armour unavailable)
rNeg   . . .     SustAb   .     (shield unavailable)
rPois  .         Gourm    .     (helmet unavailable)
rElec  .         Spirit   .     (cloak unavailable)
rCorr  .         Warding  .     (gloves unavailable)
rMut   .         Stasis   .     (boots unavailable)
MR     +....                    (no amulet)
Stlth  ++++++++++               p - +3 ring of slaying
                                o - ring of stealth

@: wreathed by umbra, quick, somewhat resistant to hostile enchantments,
uncannily stealthy
A: paw claws, no armour, no weapons or thrown items, fangs 3, yellow scales 1,
see invisible, carnivore 3, deformed body, speed 1, shaggy fur 2, slow
metabolism 1, placid magic 1, sharp paws
a: Shadow Step, Renounce Religion


You were on level 10 of the Dungeon.
You worshipped Dithmenos.
Dithmenos was greatly pleased with you.
You were not hungry.

You visited 2 branches of the dungeon, and saw 11 of its levels.
You also visited: Ossuary.

You collected 636 gold pieces.

Inventory:

Jewellery
 j - a +4 ring of strength
 o - a ring of stealth (left paw)
 p - a +3 ring of slaying (right paw)
 A - an uncursed ring of wizardry
Magical devices
 f - a wand of draining (9)
 t - a wand of slowing (27)
 B - a wand of frost (26)
Scrolls
 a - 6 scrolls of identify
 v - a scroll of magic mapping
 w - a scroll of remove curse
Potions
 b - a potion of resistance
 g - 2 potions of flight
 k - a potion of agility
 l - 3 potions of invisibility
 m - a potion of lignification
 r - 2 potions of cancellation
 C - a potion of curing
 D - a potion of might
Books
 c - a book of Maledictions

   Spells                             Type                      Level
   a - Corona                         Hexes                        1
   b - Sure Blade                     Hexes/Charms                 2
   c - Ensorcelled Hibernation        Hexes/Ice                    2
   d - Confuse                        Hexes                        3
   e - Dazzling Spray                 Conjuration/Hexes            3
   f - Enslavement                    Hexes                        4
 q - a book of Party Tricks

   Spells                             Type                      Level
   a - Summon Butterflies             Summoning                    1
   b - Apportation                    Translocation                1
   c - Tukima's Dance                 Hexes                        3
   d - Alistair's Intoxication        Transmutation/Poison         4
   e - Invisibility                   Hexes                        6
 x - a book of Hinderance

   Spells                             Type                      Level
   a - Confusing Touch                Hexes                        2
   b - Confuse                        Hexes                        3
   c - Petrify                        Transmutation/Earth          4
   d - Metabolic Englaciation         Hexes/Ice                    5
   e - Gell's Gravitas                Hexes/Translocation          5
   f - Summon Mana Viper              Hexes/Summoning              5
 y - a Fen Folio

   Spells                             Type                      Level
   a - Corpse Rot                     Necromancy                   2
   b - Stone Arrow                    Conjuration/Earth            3
   c - Leda's Liquefaction            Hexes/Earth                  4
   d - Summon Forest                  Summoning/Translocation      5
   e - Hydra Form                     Transmutation                6
   f - Summon Hydra                   Summoning                    7
Miscellaneous
 z - a box of beasts
Comestibles
 d - 4 meat rations
 h - a slice of pizza
 s - 2 royal jellies
 u - 4 beef jerkies


   Skills:
 + Level 3.3 Fighting
 + Level 5.5 Dodging
 + Level 13.9 Stealth
 + Level 4.8 Unarmed Combat
 + Level 7.3 Spellcasting
 + Level 12.0 Hexes
 + Level 4.8 Ice Magic
 + Level 0.1 Earth Magic
 + Level 0.8 Invocations


You had 2 spell levels left.
You knew the following spells:

 Your Spells              Type           Power        Failure   Level  Hunger
a - Leda's Liquefaction   Hex/Erth       ###.......   4%          4    ###....
b - Ensorcelled Hibernat  Hex/Ice        ####..       1%          2    None
c - Confuse               Hex            #####...     1%          3    #......
d - Tukima's Dance        Hex            #####...     1%          3    #......
e - Enslavement           Hex            #####...     1%          4    ###....
f - Metabolic Englaciati  Hex/Ice        ####......   4%          5    #####..


Dungeon Overview and Level Annotations

Branches:
Dungeon (10/15)            Temple (1/1) D:5             Orc (0/4) D:9
   Lair: D:8-11

Altars:
Ashenzari
Cheibriados
Dithmenos
Elyvilon
Fedhas
Gozag
Kikubaaqudgha
Makhleb
Nemelex Xobeh
Okawaru
Qazlal
Ru
Sif Muna
Trog
Vehumet
Xom
Yredelemnul
Zin
The Shining One

Shops:
D:4 (   D:7 **:%

Annotations:
D:1 1 exclusion
D:8 exclusion: oklob sapling


Innate Abilities, Weirdness & Mutations

You cannot wear armour.
You are incapable of wielding weapons or throwing items.
You have razor-sharp teeth.
You have supernaturally acute eyesight.
You are carnivorous and can eat meat at any time.
You cover ground quickly.
You are covered in thick fur (AC +2).
You have a slow metabolism.
Your paws have sharp claws that are effective at stabbing.
You are partially covered in yellow scales (AC +2).
Your body is misshapen.
Your spells are a little easier to cast, but a little less powerful.


Message History

You scratch the water moccasin zombie. You bite the water moccasin zombie.
The water moccasin zombie completely misses you.
You scratch the water moccasin zombie.
You completely miss the water moccasin zombie.
You claw the water moccasin zombie! You claw the water moccasin zombie!
You destroy the water moccasin zombie!
Dithmenos accepts your kill.
You start resting.
Magic restored.
You start resting.
HP restored.
The deep troll earth mage shouts!
The deep troll earth mage gestures next to you while chanting.
The wall shatters!
The blast of rock fragments hits you!
You hear a grinding noise.
You hear a grinding noise.
The wall shatters!
The blast of rock fragments hits you!
Ouch! That really hurt!
You die...

.##########..## ............##
............## ##...........##
######.......## ####..#..##
#..###..## ##..#
##..############## #...#
#.#@.##.....)....#
##.#.##.####...)........#
##..#.#T# ##....)......# #...#..#
#...........## ##.....#
##...........# ##......#
#.......)....# ##.......##
#..........<## ###.#.....T.##
##...........#
##)###.......###............#####


There were no monsters in sight!

Vanquished Creatures
  An unseen horror (D:10)
  A dancing weapon (D:8)
  A troll (D:10)
  2 wandering mushrooms (D:8)
  3 fire vortices (D:10)
  A two-headed ogre (shapeshifter) (D:10)
  A shadow (D:9)
  A wyvern (D:10)
  4 fire bats (D:10)
  3 yaks
  A deep elf fighter (D:8)
  Edmund (D:4)
  2 hippogriffs
  A hell hound (D:10)
  3 sky beasts
  2 black bears (D:7)
  A phantom (D:8)
  8 ogres
  4 orc warriors
  An elf zombie (Ossuary)
  2 big kobolds
  A crocodile (D:10)
  7 giant frogs
  2 centaurs
  A gnoll sergeant (D:9)
  2 water moccasin zombies
  2 scorpions
  4 wights (D:10)
  A killer bee (D:10)
  3 goliath beetles
  2 lava snakes (D:10)
  A human zombie (Ossuary)
  3 giant frog zombies
  2 centaur skeletons
  4 crimson imps
  3 hounds
  A giant frog skeleton (D:6)
  4 orc priests
  An iguana (D:9)
  2 jellies
  A gnoll shaman (D:7)
  8 orc wizards
  4 worker ants
  Ijyb (D:3)
  Jessica (D:3)
  A big kobold zombie (Ossuary)
  2 mummies (Ossuary)
  2 worker ant zombies
  Robin (D:3)
  10 gnolls
  12 adders
  3 giant mites
  3 shadow imps
  3 worms
  3 adder zombies (Ossuary)
  2 giant geckos
  An ooze (D:2)
  33 orcs
  2 ball pythons
  10 bats
  7 giant cockroaches
  19 goblins
  19 hobgoblins
  4 jackals
  A quokka (D:9)
  A giant gecko zombie (D:6)
  A giant newt (D:2)
  12 hobgoblin zombies (Ossuary)
  A jackal zombie (Ossuary)
  19 kobolds
  8 kobold zombies (Ossuary)
  4 orc zombies (Ossuary)
  2 quokka skeletons
  A quokka zombie (D:5)
  20 rats
  A rat zombie (Ossuary)
313 creatures vanquished.

Vanquished Creatures (collateral kills)
  Blork the orc (D:4)
  2 wights (D:10)
  Crazy Yiuf (D:4)
  2 gnolls (D:9)
  2 hobgoblin zombies (Ossuary)
  A kobold zombie (Ossuary)
  An orc zombie (Ossuary)
10 creatures vanquished.

Vanquished Creatures (others)
  A centaur warrior (D:10)
  4 dancing weapons
  A hobgoblin zombie (Ossuary)
6 creatures vanquished.

Grand Total: 329 creatures vanquished

Notes
Turn   | Place    | Note
--------------------------------------------------------------
     0 | D:1      | dvd, the Felid Enchanter, began the quest for the Orb.
     0 | D:1      | Reached XP level 1. HP: 7/7 MP: 4/4
   448 | D:1      | Reached XP level 2. HP: 9/11 MP: 3/5
   478 | D:1      | Learned a level 2 spell: Ensorcelled Hibernation
  1533 | D:1      | Reached XP level 3. HP: 14/14 MP: 0/8
  1604 | D:1      | Learned a level 3 spell: Confuse
  1760 | D:2      | Reached skill level 5 in Stealth
  2881 | D:3      | Reached XP level 4. HP: 18/18 MP: 8/11
  2911 | D:3      | Found a shattered altar of Ashenzari.
  2918 | D:3      | Found a shadowy altar of Dithmenos.
  2925 | D:3      | Became a worshipper of Dithmenos the Shadowed
  2936 | D:3      | Reached skill level 5 in Hexes
  2936 | D:3      | Reached skill level 1 in Ice Magic
  3180 | D:3      | Noticed Ijyb
  3180 | D:3      | Noticed Jessica
  3387 | D:3      | Killed Ijyb
  3387 | D:3      | Reached skill level 1 in Fighting
  3387 | D:3      | Reached skill level 6 in Stealth
  3387 | D:3      | Reached XP level 5. HP: 10/22 MP: 0/12
  3727 | D:3      | Killed Jessica
  3739 | D:3      | Noticed Robin
  4315 | D:3      | Found a burning altar of Makhleb.
  4315 | D:3      | Noticed a green death
  4320 | D:3      | Noticed a hellwing
  4320 | D:3      | Noticed a neqoxec
  4404 | D:3      | Killed Robin
  4625 | D:4      | Noticed Edmund
  4645 | D:4      | Found Shacweasm's Weapon Shop.
  4687 | D:4      | Killed Edmund
  4687 | D:4      | Gained mutation: You are covered in thick fur (AC +2). [growing up]
  4687 | D:4      | Reached XP level 6. HP: 15/25 MP: 5/16
  4754 | D:4      | Learned a level 3 spell: Tukima's Dance
  4784 | D:4      | Noticed Crazy Yiuf
  4802 | D:4      | Was placed under penance by Dithmenos
  4808 | D:4      | Killed Crazy Yiuf
  4838 | D:4      | Noticed Blork the orc
  4846 | D:4      | Found a deep blue altar of Sif Muna.
  5007 | D:4      | Noticed an ogre
  5310 | D:4      | Killed an ogre
  5310 | D:4      | Reached skill level 7 in Stealth
  5485 | D:4      | Noticed an orc warrior
  5559 | D:4      | Killed an orc warrior
  5559 | D:4      | Reached XP level 7. HP: 28/28 MP: 16/19
  5563 | D:4      | Was forgiven by Dithmenos
  5578 | D:4      | Noticed an ogre
  5590 | D:4      | Killed an ogre
  5590 | D:4      | Reached skill level 8 in Stealth
  6139 | D:4      | Killed Blork the orc
  6356 | D:5      | Entered Level 5 of the Dungeon
  7194 | D:5      | Shot with an arrow by a centaur
  7195 | D:5      | Reached XP level 6. HP: -8/26 MP: 16/18
  7216 | D:5      | Gained mutation: Your body is misshapen. [potion of mutation]
  7216 | D:5      | Gained mutation: You are partially covered in yellow scales (AC +2). [potion of mutation]
  7216 | D:5      | Gained mutation: Your spells are a little easier to cast, but a little less powerful. [potion of mutation]
  7372 | D:5      | Reached XP level 7. HP: 24/29 MP: 12/20
  7706 | D:5      | Reached skill level 9 in Stealth
  7823 | D:5      | Found a staircase to the Ecumenical Temple.
  7838 | Temple   | Entered the Ecumenical Temple
  8055 | D:6      | Found a bloodstained altar of Trog.
  8106 | D:6      | Killed from afar by an orc wizard
  8107 | D:6      | Reached XP level 6. HP: -1/26 MP: 18/18
  8396 | D:6      | Reached XP level 7. HP: 20/29 MP: 1/20
  8748 | D:6      | Found a sand-covered staircase.
  8753 | Ossuary  | Entered an ossuary
  8761 | Ossuary  | Learned a level 4 spell: Enslavement
  8851 | Ossuary  | Acquired Dithmenos' first power
  9358 | D:6      | Reached skill level 10 in Stealth
  9849 | D:7      | Found a bloodstained altar of Trog.
  9864 | D:7      | Reached XP level 8. HP: 33/33 MP: 19/22
  9886 | D:7      | Found Riecou Tedd's Food Boutique.
  9888 | D:7      | Found Qucvoifa's Book Shop.
  9899 | D:7      | Found an iron altar of Okawaru.
  9938 | D:7      | Acquired Dithmenos' second power
  9987 | D:7      | Found Zofi's General Store.
 10030 | D:7      | Found Udal's Assorted Antiques.
 10305 | D:7      | Reached skill level 5 in Spellcasting
 10493 | D:7      | Reached skill level 11 in Stealth
 11487 | D:8      | Found a glowing silver altar of Zin.
 11593 | D:8      | Acquired Dithmenos' third power
 11924 | D:8      | Reached XP level 9. HP: 37/37 MP: 18/24
 12711 | D:8      | Noticed a wandering mushroom
 12712 | D:8      | Killed a wandering mushroom
 12712 | D:8      | Reached skill level 10 in Hexes
 12716 | D:8      | Noticed a wandering mushroom
 12717 | D:8      | Killed a wandering mushroom
 12717 | D:8      | Reached skill level 12 in Stealth
 12720 | D:8      | Found a blossoming altar of Fedhas.
 12720 | D:8      | Noticed a wandering mushroom
 12720 | D:8      | Noticed a wandering mushroom
 13004 | D:9      | Found a staircase to the Orcish Mines.
 13008 | D:9      | Found a blossoming altar of Fedhas.
 13010 | D:9      | Found an ancient bone altar of Kikubaaqudgha.
 13067 | D:9      | Learned a level 5 spell: Metabolic Englaciation
 13902 | D:9      | Identified a scroll of acquirement
 14157 | D:9      | Found an opulent altar of Gozag.
 14160 | D:9      | Reached XP level 10. HP: 40/40 MP: 27/27
 14403 | D:9      | Found a sacrificial altar of Ru.
 14663 | D:10     | Entered Level 10 of the Dungeon
 14790 | D:10     | Reached skill level 13 in Stealth
 15215 | D:10     | Learned a level 4 spell: Leda's Liquefaction
 15596 | D:10     | Reached skill level 5 in Dodging
 15692 | D:10     | Noticed an unseen horror
 15698 | D:10     | Killed an unseen horror
 15949 | D:10     | Reached XP level 11. HP: 45/45 MP: 24/29
 15974 | D:10     | Noticed a centaur warrior
 15976 | D:10     | Noticed a deep troll earth mage
 15976 | D:10     | Noticed a harpy
 15980 | D:10     | HP: 1/45 [harpy (15)]
 15981 | D:10     | Slain by a harpy
 15982 | D:10     | Reached XP level 10. HP: -5/42 MP: 28/28
 15983 | D:10     | Killed a centaur warrior
 16179 | D:10     | Killed from afar by a deep troll earth mage

Action                   |  1- 3 |  4- 6 |  7- 9 | 10-12 || total
-------------------------+-------+-------+-------+-------++-------
Melee: Unarmed           |    75 |   119 |   270 |    92 ||   556
 Cast: Corona            |     6 |     7 |       |       ||    13
       Ensorcelled Hiber |    38 |    63 |   110 |    29 ||   240
       Confuse           |       |    10 |    46 |     8 ||    64
       Tukima's Dance    |       |     3 |    10 |     4 ||    17
       Enslavement       |       |       |    16 |     4 ||    20
       Metabolic Englaci |       |       |     2 |     2 ||     4
       Leda's Liquefacti |       |       |       |     1 ||     1
Invok: Shadow Step       |       |       |     2 |     2 ||     4
  Use: Scroll            |       |     4 |    18 |     4 ||    26
       Potion            |       |     5 |     7 |     4 ||    16
 Stab: Sleeping          |    41 |    50 |   114 |    41 ||   246
       Confused          |       |     3 |    20 |     4 ||    27
       Distracted        |       |       |     3 |       ||     3
  Eat: Chunk             |    13 |    14 |    26 |     5 ||    58
